 Dungeon Crawl Stone Soup version 0.29-a0-330-g52719c12eb (webtiles) character file.

Game seed: 8177283776324355054

35 Crownlay the Skirmisher (level 3, -2/49 HPs)
             Began as a Hill Orc Fighter on May 12, 2022.
             Slain by an orc wizard
             ... wielding a +2 dagger of venom
              (3 damage)
             ... on level 3 of the Dungeon.
             The game lasted 00:02:28 (1551 turns).

Crownlay the Skirmisher (Hill Orc Fighter)          Turns: 1551, Time: 00:02:28

Health: -2/49      AC: 21    Str: 20    XL:     3   Next: 33%
Magic:  3/3        EV:  2    Int:  8    God:
Gold:   120        SH:  0    Dex: 10    Spells: 2/2 levels left

rFire   . . .      SeeInvis .   a - +0 war axe
rCold   + . .      Faith    .   c - +0 buckler
rNeg    . . .      Spirit   .   (body armour currently unavailable)
rPois   +          Reflect  .   (helmet currently unavailable)
rElec   .          Harm     .   (cloak currently unavailable)
rCorr   .          Rampage  .   (gloves currently unavailable)
Will    .....      NoTele   +   (boots currently unavailable)
Stlth   +.........              (no amulet)
HPRegen 0.16/turn               e - ring of protection from cold
MPRegen 0.08/turn               (no ring)

@: confused, lethally poisoned (-2 -> -11), tree-form, hasted, very quick
A: stationary, stasis, torment immunity, boosted hp
a: Convert to Beogh


You were on level 3 of the Dungeon.
You were a tree.
You visited 1 branch of the dungeon, and saw 3 of its levels.

You collected 120 gold pieces.

Inventory:

Hand Weapons
 a - a +0 war axe (weapon)
Missiles
 k - 4 silver boomerangs (quivered)
Armour
 b - a +0 scale mail (melded)
 c - a +0 buckler (worn)
Jewellery
 e - a ring of protection from cold (left branch)
Scrolls
 f - a scroll of teleportation {unknown}
 l - a scroll of immolation {unknown}
Potions
 d - 2 potions of might
 i - a potion of lignification
 j - a potion of mutation {unknown}
 m - a potion of berserk rage {unknown}


   Skills:
 + Level 4.0 Fighting
 * Level 3.9 Axes
 + Level 0.1 Throwing
 - Level 3.2 Armour
 + Level 3.7 Shields


You had 2 spell levels left.
You didn't know any spells.
Your spell library contained the following spells:

 Spells                   Type           Power      Damage    Failure   Level
 Corpse Rot               Necr/Air       0%         N/A       65%         2
 Ozocubu's Armour         Ice            0%         N/A       86%         3
 Dispel Undead            Necr           0%         3d6       99%         4
 Metabolic Englaciation   Hex/Ice        0%         N/A       100%        5
 Death Channel            Necr           0%         N/A       100%        6
 Simulacrum               Ice/Necr       0%         N/A       100%        6


Dungeon Overview and Level Annotations

Branches:
Dungeon (3/15)

Altars:

Shops:
D:2 =


Message History

The orc priest mumbles some strange prayers to Beogh against you.
Beogh smites you!
You throw a poisoned dart. The poisoned dart hits the orc.
The orc is poisoned.
The orc is almost dead.
You kill the orc!
The orc wizard closely misses you.
Items here: ( )) [[.
You slash the orc wizard!
The orc wizard is severely wounded.
The orc wizard gestures at you while chanting.
You are confused.
The orc priest invokes the aid of Beogh against you.
Beogh smites you! The orc wizard barely misses you.
You are too injured to fight recklessly!
You are too injured to fight recklessly!
You bump into the rock wall.
The orc wizard hits you but does no damage.
You are poisoned.
You bump into the rock wall.
You feel sick.
The orc wizard hits you but does no damage.
The orc wizard attacks as you move away!
The orc wizard hits you with a +2 dagger of venom.
* * * LOW HITPOINT WARNING * * *
You are lethally poisoned!
* * * LOW HITPOINT WARNING * * *
You feel very sick.
The orc priest looks satisfied for a moment.
It was a potion of lignification.
You turn into a tree.
Your +0 scale mail melds into your body.
Your roots penetrate the ground.
* * * LOW HITPOINT WARNING * * *
You feel very sick.
The orc wizard gestures at you while chanting.
The puff of flame hits you but does no damage.
You are too confused!
It was a potion of haste.
You feel yourself speed up.
* * * LOW HITPOINT WARNING * * *
You feel very sick.
The orc wizard hits you with a +2 dagger of venom.
You die...

#.### #.# ...# #.#..
... ...# #.#.#
######.# ...# #.#.#
#....#.# ...# #.#(#
#.##.#.##...#
#.#o###.#......#
#.#o##.....#.#.#
#.#o##.....#.#.#
#.#♣##.....#.#<#
#.#.##.....#.###
#.#..'.....#..
##.####.....#####
#...............####
#######............#
#............#
####.........#
#.........#


You could see an orc priest, an orc wizard and an orc.

Vanquished Creatures
  2 dart slugs (D:1)
  2 orcs (D:3)
  4 endoplasms
  2 giant cockroaches
  2 hobgoblins
  2 jackals (D:1)
  4 quokkas
  2 ball pythons (D:3)
  2 frilled lizards (D:1)
  A kobold (D:1)
  3 rats
26 creatures vanquished.

Notes
Turn   | Place    | Note
-------+----------+-------------------------------------------
     0 | D:1      | Crownlay the Hill Orc Fighter began the quest for the Orb.
     0 | D:1      | Reached XP level 1. HP: 19/19 MP: 1/1
   130 | D:1      | Reached XP level 2. HP: 24/27 MP: 2/2
   508 | D:1      | Found a faded altar of an unknown god.
   713 | D:2      | Found Asaadototi's Jewellery Shop.
  1050 | D:2      | Reached skill level 4 in Fighting
  1140 | D:2      | Reached XP level 3. HP: 33/33 MP: 3/3
  1551 | D:3      | HP: 1/49 [poisoned by an orc wizard]
  1551 | D:3      | Slain by an orc wizard

Illustrated notes

Levels and vault maps discovered:
D:1:      minmay_arrival_three_doors, layout_rooms,
          hellmonk_ecumenical_altar_zigzags
D:2:      layout_loops_ring, serial_shops, shop, hex_medium
D:3:      layout_basic, mainiacjoe_overflow_boulevard, slow_altar_1

Skill      XL: |  1  2 |
---------------+-------+-----
Axes           | 3 |  3.9
Fighting       | 4 |  4.0
Throwing       | |  0.1
Armour         | |  3.2
Shields        | |  3.7

Action                   || total
-------------------------++-------
Melee: War axe           ||    60
Throw: Dart              ||    15
  Use: Potion            ||     2
Armor: Scale mail        ||    25
       Skin              ||     1
Dodge: Dodged            ||    28
Block: Buckler           ||     9

Table legend: (Time is in decaauts)
 A = Elapsed time spent in this place.
 B = Non-inter-level travel time spent in this place.
 C = Inter-level travel time spent in this place.
 D = Time resting spent in this place.
 E = Time spent auto-exploring this place.
 F = Levels seen in this place.
 G = Mean time per level.
                   A        B        C        D        E       F      G
               +--------+--------+--------+--------+--------+-----+--------+
         Total |   1573 |   1507 |     66 |      0 |   1291 |   3 |  524.3 |
       Dungeon |   1573 |   1507 |     66 |      0 |   1291 |   3 |  524.3 |
               +--------+--------+--------+--------+--------+-----+--------+

Top non-repeatable levels by time:
     D:1: 684 daAuts
     D:2: 660 daAuts
     D:3: 229 daAuts
